 Dungeon Crawl Stone Soup version 0.24-a0-516-g9de272bb65 (webtiles) character file.

Game seed: 4529159667833879507

39 mopl the Firebug (level 3, -1/19 HPs)
             Began as a Tengu Fire Elementalist on July 21, 2019.
             Slain by a worker ant (6 damage)
             ... on level 2 of the Dungeon.
             The game lasted 00:03:46 (1537 turns).

mopl the Firebug (Tengu Fire Elementalist)          Turns: 1537, Time: 00:03:46

Health: -1/19      AC:  2    Str:  8    XL:     3   Next: 45%
Magic:  1/7        EV: 18    Int: 16    God:
Gold:   91         SH:  0    Dex: 19    Spells: 3/7 levels left

rFire    . . .     SeeInvis .   a - +0 spear
rCold    . . .     Gourm    .   (no shield)
rNeg     . . .     Faith    .   d - +0 robe
rPois    .         Spirit   .   (helmet restricted)
rElec    .         Reflect  .   (no cloak)
rCorr    .         Harm     .   (no gloves)
MR       .....                  (boots unavailable)
Stlth    +++.......             (no amulet)
HPRegen  0.06/turn              (no ring)
MPRegen  0.10/turn              (no ring)

@: agile, lethally poisoned (-1 -> -8), very slightly contaminated, hasted, very
quick
A: beak, talons 3
a: no special abilities


You were on level 2 of the Dungeon.
You were not hungry.

You visited 1 branch of the dungeon, and saw 2 of its levels.

You collected 91 gold pieces.

Inventory:

Hand Weapons
 a - a +0 spear (weapon)
 i - a +0 short sword of holy wrath
Missiles
 j - 7 silver javelins (quivered)
Armour
 d - a +0 robe (worn)
Scrolls
 b - 2 scrolls of remove curse {unknown}
 e - a scroll of immolation {unknown}
 f - 2 scrolls of fog {unknown}
 k - a scroll of blinking {unknown}
Potions
 g - a potion of flight {unknown}
 h - a potion of agility
 m - a potion of resistance {unknown}
 n - a potion of haste
Comestibles
 c - 3 rations


   Skills:
 - Level 2.1 Dodging
 - Level 2.0 Stealth
 + Level 2.5 Spellcasting
 + Level 2.6 Conjurations
 + Level 3.9 Fire Magic


You had 3 spell levels left.
You knew the following spells:

 Your Spells              Type           Power        Failure   Level  Hunger
a - Flame Tongue          Conj/Fire      ##...        4%          1    #......
c - Conjure Flame         Conj/Fire      ##......     16%         3    ###....

Your spell library contained the following spells:

 Spells                   Type           Power        Failure   Level  Hunger
 Throw Flame              Conj/Fire      ##....       8%          2    ##.....
 Inner Flame              Hex/Fire       #.......     26%         3    ###....
 Sticky Flame             Conj/Fire      ##......     45%         4    #####..
 Fireball                 Conj/Fire      ##........   80%         5    ######.


Dungeon Overview and Level Annotations

Branches:
Dungeon (2/15)

Altars:


Innate Abilities, Weirdness & Mutations

You have a beak for a mouth.
You have claws for feet.


Message History

Press: ? - help, Shift-Dir - straight line, f/p - worker ant
Aim: a worker ant (moderately wounded)
The flame tongue hits the worker ant.
The worker ant is heavily wounded.
You feel sick. The worker ant bites you. The worker ant closely misses you.
Unknown command.
It was a potion of haste.
You feel yourself speed up.
You feel sick. The worker ant misses you.
Casting: Flame Tongue (safe; 4% risk of failure)
Confirm with . or Enter, or press ? or * to list all spells.
Aiming: Flame Tongue (safe; 4% risk of failure)
Press: ? - help, Shift-Dir - straight line, f/p - worker ant
Aim: a worker ant (heavily wounded)
The flame tongue hits the worker ant but does no damage.
The worker ant is heavily wounded.
It was a potion of agility.
You feel agile all of a sudden.
* * * LOW HITPOINT WARNING * * *
You feel sick. The worker ant bites you.
You die...

#.........
#.########
#K #.# ##.#
#.# #...
#.# #...
#.# #...
#.# #...
#.#
#.##...##@#
#.......a.#
###########


You could see a worker ant.

Vanquished Creatures
  A leopard gecko (D:1)
  A giant cockroach (D:2)
  4 hobgoblins
  4 jackals (D:2)
  4 kobolds
  A ball python (D:2)
  6 bats
  2 frilled lizards (D:1)
  4 goblins
  9 rats
36 creatures vanquished.

Notes
Turn   | Place    | Note
-------+----------+-------------------------------------------
     0 | D:1      | mopl the Tengu Fire Elementalist began the quest for the
                  | Orb.
     0 | D:1      | Reached XP level 1. HP: 10/10 MP: 4/4
   108 | D:1      | Reached XP level 2. HP: 4/15 MP: 0/6
   354 | D:1      | Reached skill level 2 in Conjurations
  1042 | D:1      | Reached XP level 3. HP: 15/19 MP: 1/7
  1137 | D:1      | Learned a level 3 spell: Conjure Flame
  1537 | D:2      | Slain by a worker ant

Levels and vault maps discovered:
D:1:      saegor_arrival_simple_e, layout_basic
D:2:      layout_basic, first_ration, chequers_jeans, dk_noncrumbling_3

Skill      XL: |  1  2 |
---------------+-------+-----
Conjurations   | 2 |  2.6
Dodging        | |  2.1
Stealth        | |  2.0
Spellcasting   | |  2.5
Fire Magic     | |  3.9

Action                   || total
-------------------------++-------
Melee: Spear             ||    13
       Short sword       ||     2
       Peck              ||     1
       Kick              ||     1
 Cast: Flame Tongue      ||    59
  Use: Potion            ||     2
 Stab: Sleeping          ||     3
  Eat: Chunk             ||     3
Armor: Robe              ||    11
Dodge: Dodged            ||    35

Table legend:
 A = Non-vault XP
 B = Vault XP
 C = Vault XP percentage of total XP
 D = Non-vault monster count
 E = Vault monster count
 F = Vault count percentage of total count
                 A         B        C        D         E       F
            +---------+---------+-------+---------+---------+-------
      Total |      56 |       0 |   0.0 |      36 |       0 |   0.0
            +---------+---------+-------+---------+---------+-------
        D:1 |      36 |       0 |   0.0 |      24 |       0 |   0.0
        D:2 |      20 |       0 |   0.0 |      12 |       0 |   0.0
            +---------+---------+-------+---------+---------+-------
